 Dungeon Crawl Stone Soup version 0.30-a0-778-g2ef04afb54 (webtiles) character file.

Game seed: 7382902036659994569

108 theswoord the Chiller (level 4, -1/36 HPs)
             Began as a Naga Ice Elementalist on Feb 15, 2023.
             Killed from afar by a steam dragon (20 damage)
             ... with a ball of steam
             ... on level 4 of the Dungeon.
             The game lasted 00:04:04 (3220 turns).

theswoord the Chiller (Naga Ice Elementalist)       Turns: 3220, Time: 00:04:05

Health: -1/36      AC: 11    Str: 10    XL:     4   Next: 87%
Magic:  1/9        EV:  9    Int: 18    God:
Gold:   128        SH:  0    Dex: 11    Spells: 2/9 levels left

rFire   . . .      SeeInvis +    g - +0 spear
rCold   . . .      Faith    .    (no shield)
rNeg    . . .      Spirit   .    a - +0 robe
rPois   +          Reflect  .    (no helmet)
rElec   .          Harm     .    (no cloak)
rCorr   .          Rampage  .    k - +1 pair of gloves
Will    .....                    (no barding)
Stlth   ++                       (no amulet)
HPRegen 0.26/turn                (no ring)
MPRegen 0.11/turn                (no ring)

@: ice-armoured, freezing walls, very slow
A: AC +1, large, see invisible, deformed body, poison resistance, slowness 2,
spit poison 1, naga tail 1
a: Spit Poison


You were on level 4 of the Dungeon.
You visited 1 branch of the dungeon, and saw 4 of its levels.

You collected 128 gold pieces.

Inventory:

Hand Weapons
 e - a +0 mace
 g - a +0 spear (weapon)
Armour
 a - a +0 robe (worn)
 k - a +1 pair of gloves (worn)
Jewellery
 d - an amulet of magic regeneration
Scrolls
 i - 2 scrolls of vulnerability
 l - a scroll of fog
 n - a scroll of teleportation
Potions
 b - a potion of magic
 c - a potion of brilliance
 f - 2 potions of flight
 h - 3 potions of attraction {unknown}
 j - 2 potions of curing {unknown}
 m - a potion of might {unknown}
 o - a potion of cancellation {unknown}


   Skills:
 - Level 1.5 Dodging
 - Level 3.0 Stealth
 + Level 3.4 Spellcasting
 + Level 5.1 Ice Magic


You had 2 spell levels left.
You knew the following spells:

 Your Spells              Type           Power      Damage    Failure   Level
a - Freeze                Ice            84%        1d9       1%          1
b - Frozen Ramparts       Ice            42%        1d7       5%          3
c - Ozocubu's Armour      Ice            21%        N/A       5%          3

Your spell library contained the following spells:

 Spells                   Type           Power      Damage    Failure   Level
 Ensorcelled Hibernation  Hex/Ice        24%        N/A       9%          2
 Apportation              Tloc           6%         N/A       16%         1
 Necrotise                Necr           12%        1d4       16%         1
 Summon Small Mammal      Summ           12%        N/A       16%         1
 Spider Form              Tmut/Pois      3%         N/A       43%         3
 Summon Guardian Golem    Hex/Summ       3%         N/A       43%         3
 Summon Ice Beast         Ice/Summ       12%        N/A       47%         4
 Anguish                  Hex/Necr       1%         N/A       83%         4
 Orb of Destruction       Conj           1%         9d5       100%        7
 Spellforged Servitor     Conj/Summ      1%         N/A       100%        7


Dungeon Overview and Level Annotations

Branches:
Dungeon (4/15)
 Temple: D:4-7

Altars:
Makhleb


Innate Abilities, Weirdness & Mutations

Your serpentine skin is tough. (AC +1)
You have supernaturally acute eyesight. (SInv)
Armour fits poorly on your strangely shaped body.
Your system is resistant to poisons. (rPois)
You cover ground very slowly.
You can spit poison.
You have a snake-like lower body.


Message History

n - a scroll of teleportation
There is a stone staircase leading up here.
You now have 128 gold pieces (gained 4).
Found a book of Dreams.
Found a stone staircase leading down.
A giant cockroach comes into view.
A giant cockroach is nearby!
You see here a book of Cantrips.
You pick up a book of Cantrips and begin reading...
You add the spells Necrotise, Summon Small Mammal and Apportation to your library.
You see here a book of Dreams.
You pick up a book of Dreams and begin reading...
You add the spells Ensorcelled Hibernation, Spider Form and Anguish to your library.
Okay, then.
An orc and a goblin come into view.
There are monsters nearby!
There are monsters nearby!
There are monsters nearby!
The orc shouts!
The goblin shouts!
A steam dragon comes into view.
You reach to attack!
You hit the orc.
Aim: an orc, wielding a +0 club and wearing a +0 ring mail (heavily wounded)
You freeze the orc!
You kill the orc!
The steam dragon breathes steam at you. The ball of steam misses you.
Aim: a goblin, wielding a +0 club (steam)
You freeze the goblin.
You kill the goblin!
You are engulfed in a cloud of scalding steam.
No target in view!
The steam dragon breathes steam at you. The ball of steam hits you!
* * * LOW HITPOINT WARNING * * *
The walls around you are covered in ice.
The wall freezes the steam dragon but does no damage.
A film of ice covers your body!
The wall freezes the steam dragon.
The steam dragon breathes steam at you. The ball of steam hits you!!
Ouch! That really hurt!
You die...

#.# #.# #. #.# ####D
#.# ##### ###....
#.# #...# .......
#.######.#.##
#.....##.##........#
#......D@....##.#.##
#............##.#.#
#....).....§.##.#<#
#....)...§...##.#.#
#............##.#.#
#...#.......#...#.#
#...#####.#.#.#...#
#.. .....#.#.### #.
...#.#.#.#.#


You could see a steam dragon (catching breath).

Vanquished Creatures
  3 adders (D:2)
  6 dart slugs
  An orc (D:4)
  7 endoplasms
  2 giant cockroaches
  4 goblins
  7 hobgoblins
  7 kobolds
  3 quokkas
  5 ball pythons
  7 bats
  2 frilled lizards (D:1)
  14 rats
68 creatures vanquished.

Vanquished Creatures (others)
  44 plants (D:2)
44 creatures vanquished.

Grand Total: 112 creatures vanquished

Notes
Turn   | Place    | Note
-------+----------+-------------------------------------------
     0 | D:1      | theswoord the Naga Ice Elementalist began the quest for the
                  | Orb.
     0 | D:1      | Reached XP level 1. HP: 15/15 MP: 3/3
   180 | D:1      | Reached XP level 2. HP: 20/22 MP: 5/5
   478 | D:1      | Reached XP level 3. HP: 24/28 MP: 5/7
   680 | D:1      | Found a faded altar of an unknown god.
   685 | D:1      | Learned a level 3 spell: Frozen Ramparts
   689 | D:1      | Learned a level 3 spell: Ozocubu's Armour
  1483 | D:2      | HP: 1/28 [poisoned by an adder]
  1490 | D:2      | Reached XP level 4. HP: 4/36 MP: 4/8
  1942 | D:2      | Found a burning altar of Makhleb.
  2021 | D:2      | Reached skill level 5 in Ice Magic
  3212 | D:4      | Noticed a steam dragon
  3220 | D:4      | Killed from afar by a steam dragon

Skill      XL: |  1  2  3  4 |
---------------+-------------+-----
Spellcasting   | 3 |  3.4
Ice Magic      | 5 |  5.1
Dodging        | |  1.5
Stealth        | |  3.0

Action                     |  1- 3 |  4- 6 || total
---------------------------+-------+-------++-------
  Melee: Unarmed           |     5 |       ||     5
         Mace              |     6 |       ||     6
         Spear             |    64 |    67 ||   131
   Cast: Freeze            |    35 |    19 ||    54
         Frozen Ramparts   |       |     2 ||     2
         Ozocubu's Armour  |       |     1 ||     1
    Use: Potion            |     4 |       ||     4
         Scroll            |     3 |     3 ||     6
   Stab: Sleeping          |     9 |     3 ||    12
         Distracted        |     1 |       ||     1
 Armour: Robe              |    23 |    24 ||    47
         Skin              |    14 |     4 ||    18
  Dodge: Dodged            |    50 |    29 ||    79

Levels and vault maps discovered:
D:1:      psy_arrival_radial02, layout_loops_ring, ebering_ecumenical_altar_rust
D:2:      layout_basic, basic_altar, grunt_decor_mini_mirrors,
          serial_bayou_lagoon_a
D:3:      layout_loops_corners, kennysheep_cluttered_room
D:4:      layout_basic, serial_shops, nicolae_diamond_shop, minivault_27
